 Dungeon Crawl Stone Soup version 0.31.0-11-ge490571c62 (webtiles) character file.

Game seed: 2340461765103675200

75 qw the Shooter (level 4, -2/25 HPs)
             Began as a Deep Elf Hunter on Feb 4, 2024.
             Killed by divine providence
             ... invoked by an orc priest
              (14 damage)
             ... on level 3 of the Dungeon.
             The game lasted 00:00:06 (1742 turns).

qw the Shooter (Deep Elf Hunter)                    Turns: 1742, Time: 00:00:07

Health: -2/25      AC:  7    Str:  9 (10) XL:     4   Next: 11%
Magic:  6/6        EV: 10    Int: 13 (14) God:
Gold:   112        SH:  0    Dex: 15 (18) Spells: 3/3 levels left

rFire   . . .        a - +0 shortbow
rCold   . . .        (shield currently unavailable)
rNeg    . . .        g - +0 ring mail
rPois   .            j - +0 helmet
rElec   .            (no cloak)
rCorr   .            (no gloves)
SInv    .            k - +0 pair of boots
Will    .....        d - amulet of faith
Stlth   +            (no ring)
HPRegen 0.24/turn    (no ring)
MPRegen 0.10/turn

%: faith
@: no status effects
A: no striking features
a: no special abilities


You were on level 3 of the Dungeon.
You visited 1 branch of the dungeon, and saw 3 of its levels.

You collected 112 gold pieces.


   Skills:
 - Level 1.5 Fighting
 + Level 7.5 Ranged Weapons
 - Level 2.4 Dodging
 - Level 1.2 Stealth


You had 3 spell levels left.
You didn't know any spells.
Your spell library was empty.

Inventory:

Hand Weapons
 a - a +0 shortbow (weapon)
Armour
 g - a +0 ring mail (worn)
 j - a +0 helmet (worn)
 k - a +0 pair of boots (worn)
Jewellery
 d - an amulet of faith (around neck)
Scrolls
 e - a scroll of teleportation
Potions
 b - a potion of haste
 c - a potion of cancellation
 h - 2 potions of heal wounds
 i - a potion of lignification {unknown}

Dungeon Overview and Level Annotations

Branches:
Dungeon (3/15)

Altars:


Message History

e - a scroll of teleportation Your extra speed is starting to run out.
You feel yourself slow down.
Found an escape hatch in the ceiling.
An orc priest comes into view. It is wielding a +0 whip.
Enter note:
Enter note: You shoot an arrow.
The arrow hits the orc priest!
The orc priest shouts!
The orc priest is heavily wounded.
You hear a shout!
An orc wizard comes into view. It is wielding a +0 dagger.
An orc comes into view. It is wielding a +0 club.
You shoot an arrow.
The arrow closely misses the orc priest.
The orc wizard shouts!
The orc wizard points at you and mumbles some strange words.
The puff of flame hits you.
The orc priest looks braver for a moment.
An orc comes into view. It is wielding a +0 flail.
The orc shouts!
You shoot an arrow. The arrow hits the orc priest.
The orc priest is almost dead.
You shoot an arrow. The arrow barely misses the orc priest.
The arrow hits the orc.
The orc is lightly wounded.
An orc wizard comes into view. It is wielding a +0 dagger.
Enter note:
Enter note:
1741 ||| RETREEEEATING.
The orc priest invokes the aid of Beogh against you.
Beogh smites you!
Ouch! That really hurt!
You shoot an arrow.
The arrow hits the orc priest but does no damage.
The orc priest is almost dead.
The orc priest calls down the wrath of Beogh upon you.
Beogh smites you!
Ouch! That really hurt!
You die...

### ### #####.#######.#
#...........#.#
##.#####.###.###.#...#
.............###.#...#
o.oo.................####
.......#@##..###.#.......
.o.....#.##..# #.#...#.##
..#....#.##..###.#.....#
. ##.................###
#.###.#...#.......# ..
..........#...#### #..
..................
..................
#.......##..####


You could see an orc priest and an orc wizard.

Vanquished Creatures
  2 adders (D:2)
  A dart slug (D:1)
  8 ball pythons
  3 endoplasms
  2 giant cockroaches (D:2)
  7 goblins
  5 hobgoblins
  4 jackals (D:1)
  6 kobolds
  2 quokkas
  4 bats
  A frilled lizard (D:2)
  3 rats (D:1)
48 creatures vanquished.

Notes
Turn   | Place    | Note
-------+----------+-------------------------------------------
     0 | D:1      | qw the Deep Elf Hunter began the quest for the Orb.
     0 | D:1      | Reached XP level 1. HP: 12/12 MP: 3/3
     0 | D:1      | 0 ||| qw: Version: 0.3-a-160-g6735b56
     0 | D:1      | 0 ||| qw: Game counter: 5095
     0 | D:1      | 0 ||| qw: Melee chars always use a shield: true
     0 | D:1      | 0 ||| qw: God list: Okawaru
     0 | D:1      | 0 ||| qw: Allow faded altars: false
     0 | D:1      | 0 ||| qw: Do Orc after clearing Dungeon:15 true
     0 | D:1      | 0 ||| qw: Do second Lair branch before Depths: true
     0 | D:1      | 0 ||| qw: Lair rune preference: random
     0 | D:1      | 0 ||| qw: Goals: Normal
     0 | D:1      | 0 ||| PLANNING D:1-11
   151 | D:1      | Reached XP level 2. HP: 16/16 MP: 4/4
   171 | D:1      | Reached skill level 6 in Ranged Weapons
   425 | D:1      | Found a faded altar of an unknown god.
   765 | D:1      | Reached XP level 3. HP: 20/20 MP: 5/5
   771 | D:1      | You fall into a shaft and drop 1 floor!
   809 | D:2      | 809 ||| UPGRADING to +0 scale mail.
   819 | D:2      | 819 ||| DROPPING +0 leather armour.
   820 | D:2      | 820 ||| UPGRADING to +0 ring mail.
   830 | D:2      | 830 ||| DROPPING +0 scale mail.
   831 | D:2      | 831 ||| UPGRADING to +0 helmet.
   836 | D:2      | 836 ||| UPGRADING to amulet of faith.
   841 | D:2      | 841 ||| READING scroll labelled LACAFO ESMUL.
   857 | D:2      | Reached skill level 7 in Ranged Weapons
   865 | D:2      | HP: 4/20 [hobgoblin (2)]
   867 | D:2      | HP: 1/20 [kobold/+0 dagger (2)]
   948 | D:2      | 948 ||| READING scroll labelled DUCICL GUTIBLA.
   949 | D:2      | 949 ||| DRINKING 3 viscous grey potions.
   950 | D:2      | 950 ||| DROPPING scroll of butterflies.
   962 | D:2      | 962 ||| READING scroll labelled VEUHON HUSARA.
   973 | D:2      | 973 ||| FLEEEEING.
   974 | D:2      | 974 ||| FLEEEEING.
   975 | D:2      | 975 ||| FLEEEEING.
   978 | D:2      | 978 ||| FLEEEEING.
   979 | D:2      | 979 ||| FLEEEEING.
   980 | D:2      | 980 ||| FLEEEEING.
  1147 | D:2      | 1147 ||| STAIRDANCE
  1577 | D:2      | Reached XP level 4. HP: 25/25 MP: 6/6
  1634 | D:2      | 1634 ||| UPGRADING to +0 pair of boots.
  1639 | D:2      | 1639 ||| READING scroll labelled ESKUIRIDUL.
  1639 | D:2      | 1639 ||| IDENTIFYING glowing red potion
  1640 | D:2      | 1640 ||| DRINKING 2 silvery potions.
  1641 | D:2      | 1641 ||| DRINKING 2 white potions.
  1642 | D:2      | 1642 ||| DROPPING potion of degeneration.
  1741 | D:3      | 1741 ||| RETREEEEATING.
  1742 | D:3      | Killed from afar by an orc priest

Levels and vault maps discovered:
D:1:      minmay_arrival_arboretum_small, layout_loops_corners,
          hellmonk_ecumenical_altar_inner_sanctum, minmay_pentomino_t2
D:2:      layout_loops_cross
D:3:      minmay_skewed_foursquare, layout_basic,
          worldfamousw_hep_ancestral_shrine, mainiacjoe_overflow_cross_hatched,
          chequers_mini_garden, st_stairs_3, chequers_avenue

Skill      XL: |  1  2  3 |
---------------+----------+-----
Ranged Weapons | 6 7 |  7.5
Fighting       | |  1.5
Dodging        | |  2.4
Stealth        | |  1.2

Action                     |  1- 3 |  4- 6 || total
---------------------------+-------+-------++-------
   Fire: Shortbow          |   126 |     7 ||   133
    Use: Scroll            |     3 |     1 ||     4
         Potion            |     1 |     2 ||     3
 Armour: Leather armour    |    18 |       ||    18
         Ring mail         |    40 |     1 ||    41
  Dodge: Dodged            |    44 |       ||    44

Table legend:
 A = Non-vault XP
 B = Vault XP
 C = Vault XP percentage of total XP
 D = Non-vault monster count
 E = Vault monster count
 F = Vault count percentage of total count
                 A         B        C        D         E       F
            +---------+---------+-------+---------+---------+-------
      Total |     106 |       2 |   1.9 |      46 |       2 |   4.2
            +---------+---------+-------+---------+---------+-------
        D:1 |      47 |       2 |   4.1 |      25 |       2 |   7.4
        D:2 |      59 |       0 |   0.0 |      21 |       0 |   0.0
            +---------+---------+-------+---------+---------+-------
